AoeStats
← |GaoeG| flamingo

Arena

509867215Analyzed
3v3 RM · 2d ago on Sep 28, 2026· 36m 5s· 6 players
Game mode
Random Map
Map size
Normal (6 player)
Population
200
Speed
Normal
Resources
Standard
Victory
Conquest
Starting age
Dark Age
Ending age
Imperial Age
RankedLock teamsTeams togetherTeam positionsShared explorationLock speedFull tech treeHidden civsTurbo modeCheats
Victory
Defeat
🇪🇸 Mongols · Spain
1404
+14
🇪🇸 Malians · Spain
1320
+17
🇪🇸 Spanish · Spain
1259
+19
🇭🇺 Bohemians · Hungary
1378
-18
🇨🇴 Saracens · Colombia
1329
-16
🇯🇵 Koreans · Japan
1320
-16
kojimo
10:49 Feudal Age
14:51 Castle Age
13:27 Loom
13:34 Horse Collar
13:59 Double-Bit Axe
17:36 Bow Saw
18:36 Wheelbarrow
17:47 Town Watch
25:34 Hand Cart
25:59 Fletching
26:30 Gold Mining
26:30 Stone Mining
30:01 Sanctity
29:42 Devotion
30:38 Heavy Plow
35:20 Imperial Age
32:58 Bodkin Arrow
33:05 Pikeman
33:46 Squires
33:50 Scale Mail Armor
34:01 Forging
34:24 Ballistics
35:33 Gold Shaft Mining
ofespinelman
10:44 Feudal Age
15:26 Castle Age
13:36 Double-Bit Axe
14:10 Gold Mining
16:22 Forging
19:04 Wheelbarrow
18:19 Loom
20:26 Crossbowman
23:22 Fletching
23:32 Padded Archer Armor
24:52 Padded Archer Armor
25:52 Horse Collar
27:01 Bodkin Arrow
27:57 Ballistics
28:28 Thumb Ring
32:26 Imperial Age
31:32 Leather Archer Armor
32:33 Arbalester
33:15 Bracer
33:46 Ring Archer Armor
Uporcpine
10:57 Feudal Age
14:44 Castle Age
13:01 Loom
13:08 Double-Bit Axe
13:39 Horse Collar
15:54 Bow Saw
17:48 Heavy Plow
23:28 Fervor
24:59 Wheelbarrow
30:01 Imperial Age
27:54 Hand Cart
28:58 Chemistry
29:24 Sanctity
28:52 Pikeman
29:33 Squires
29:57 Wagenburg Tactics
30:22 Scale Mail Armor
30:33 Forging
30:27 Halberdier
30:33 Halberdier
33:14 Chain Mail Armor
|GaoeG| flamingo
11:24 Feudal Age
14:48 Castle Age
15:32 Horse Collar
15:41 Double-Bit Axe
17:08 Wheelbarrow
17:26 Bow Saw
26:58 Gold Mining
28:23 Bloodlines
28:13 Husbandry
29:03 Padded Archer Armor
30:03 Hand Cart
33:15 Imperial Age
33:37 Imperial Age
30:54 Loom
33:00 Leather Archer Armor
32:37 Town Watch
34:55 Ring Archer Armor
35:29 Chemistry
34:37 Scale Barding Armor
34:43 Forging
34:01 Elite Conquistador
35:03 Conscription
JITANOmaleant7
9:54 Feudal Age
14:00 Castle Age
14:54 Wheelbarrow
14:06 Horse Collar
15:49 Double-Bit Axe
17:27 Bow Saw
19:38 Heavy Plow
23:49 Gold Mining
23:50 Stone Mining
24:18 Hand Cart
23:49 Loom
24:07 Loom
24:55 Fletching
29:10 Imperial Age
27:42 Ballistics
27:38 Bloodlines
27:28 Husbandry
28:15 Bodkin Arrow
29:20 Padded Archer Armor
30:53 Chemistry
30:04 Bracer
29:51 Elite Mangudai
30:40 Thumb Ring
31:35 Conscription
33:58 Parthian Tactics
34:25 Siege Engineers
35:10 Onager
|GaoeG| Tifus
11:34 Feudal Age
9:49 Loom
13:22 Double-Bit Axe
15:41 Castle Age
16:52 Horse Collar
17:25 Bow Saw
17:18 Gold Mining
18:05 Heavy Plow
27:05 Imperial Age
25:50 Gold Shaft Mining
25:38 Scale Barding Armor
25:43 Forging
26:10 Bloodlines
27:22 Wheelbarrow
26:11 Light Cavalry
26:51 Husbandry
27:29 Forging
29:19 Cavalier
33:30 Chain Barding Armor
33:57 Farimba
35:56 Stone Mining
Connection lost

Rejoining the realm…

Still unreachable

The connection could not be restored.

Session expired

The server has moved on; the page needs a fresh start.